 Dungeon Crawl Stone Soup version 0.29.1-13-g9f3cf754e1 (webtiles) character file.

Game seed: 10386078200933457438

19 H0rd4k the Charlatan (level 2, -3/19 HPs)
             Began as an Octopode Artificer on Jan 26, 2023.
             Slain by a kobold
             ... wielding a +0 short sword
              (4 damage)
             ... on level 2 of the Dungeon.
             The game lasted 00:01:05 (1178 turns).

H0rd4k the Charlatan (Octopode Artificer)           Turns: 1178, Time: 00:01:05

Health: -3/19      AC:  1    Str: 11    XL:     2   Next: 75%
Magic:  3/3        EV: 13    Int: 13    God:
Gold:   31         SH:  0    Dex: 12    Spells: 3/3 levels left

rFire   . . .      SeeInvis .   (no weapon)
rCold   . . .      Faith    .   (no shield)
rNeg    . . .      Spirit   .   (helmet restricted)
rPois   .          Reflect  .   o - amulet of regeneration
rElec   .          Harm     .   (no ring)
rCorr   .          Rampage  .   (no ring)
Will    .....                   (no ring)
Stlth   +++.......              (no ring)
HPRegen 0.06/turn               (no ring)
MPRegen 0.08/turn               (no ring)
                                (no ring)
                                (no ring)

@: no status effects
A: almost no armour, amphibious, 8 rings, camouflage 1, gelatinous body 1,
(nimble swimmer 1), tentacles
a: no special abilities


You were on level 2 of the Dungeon.
You visited 1 branch of the dungeon, and saw 2 of its levels.

You collected 31 gold pieces.

Inventory:

Jewellery
 o - an amulet of regeneration (around mantle)
Wands
 b - a wand of flame (15) (quivered)
 c - a wand of charming (14)
 d - a wand of iceblast (5)
Scrolls
 a - a scroll of teleportation {unknown}
 e - a scroll of fog {unknown}
 f - a scroll of silence {unknown}
 g - 3 scrolls of identify {unknown}
 j - a scroll of blinking {unknown}
 k - a scroll of amnesia {unknown}
 m - a scroll of enchant weapon {unknown}
Potions
 h - a potion of curing {unknown}
 i - a potion of heal wounds {unknown}
 l - a potion of attraction {unknown}
 n - a potion of might {unknown}


   Skills:
 * Level 1.9 Fighting
 - Level 2.3 Dodging
 - Level 1.3 Stealth
 + Level 0.3 Unarmed Combat
 * Level 1.2 Spellcasting
 - Level 3.2 Evocations


You had 3 spell levels left.
You didn't know any spells.
Your spell library was empty.

Dungeon Overview and Level Annotations

Branches:
Dungeon (2/15)

Altars:

Annotations:
D:1 1 exclusion


Innate Abilities, Weirdness & Mutations

You cannot wear most types of armour.
You are amphibious.
You can wear up to eight rings at the same time.
Your skin changes colour to match your surroundings (Stealth+).
Your rubbery body absorbs attacks. (AC +1, EV +1)
((You are camouflaged when in or above water. (Stealth+)))
You have tentacles for arms and can constrict up to eight enemies at once.


Message History

The frilled lizard misses your hobgoblin.
You start putting on your amulet.
You continue putting on your amulet of regeneration.
Your hobgoblin closely misses the frilled lizard.
The frilled lizard closely misses your hobgoblin.
You continue putting on your amulet of regeneration.
The ball python bites your hobgoblin. The ball python grabs your hobgoblin.
The ball python constricts your hobgoblin.
Your hobgoblin hits the ball python.
The frilled lizard bites your hobgoblin.
Your hobgoblin dies!
You continue putting on your amulet of regeneration. x3
The ball python closely misses you. The ball python grabs you.
The ball python constricts you.
* * * LOW HITPOINT WARNING * * *
The ball python barely misses you. The ball python constricts you.
You finish putting on your amulet of regeneration.
The amulet cannot attune itself to your injured body.
o - an amulet of regeneration (around mantle)
You tentacle-slap the ball python.
You kill the ball python!
The kobold shouts!
You tentacle-slap the frilled lizard.
You kill the frilled lizard!
The kobold throws a stone.
The stone barely misses you.
The kobold throws a stone.
The stone misses you.
You tentacle-slap the kobold but do no damage.
Your grab misses the kobold. The kobold closely misses you.
You tentacle-slap the kobold but do no damage.
You grab the kobold.
You constrict the kobold, but do no damage.
The kobold hits you with a +0 short sword.
* * * LOW HITPOINT WARNING * * *
You tentacle-slap the kobold but do no damage.
You constrict the kobold. The kobold closely misses you.
You tentacle-slap the kobold but do no damage.
The kobold is moderately wounded.
You constrict the kobold.
The kobold hits you with a +0 short sword.
You die...

.††#
#####....##..........
...#
#........#...........
#..#
#......#...#.##......
#..#
#......#..###.#......
..g.
#......#..K#?#.......
<..............#†###....
.##............##.#..##
##..........K#..##
#.......#.#@#.##
##.####...#.#.# #.
###.....# # ###....#
###..# ####


You could see a kobold.

Vanquished Creatures
  A worm (D:2)
  2 ball pythons
  2 bats (D:2)
  A giant cockroach (D:2)
  5 hobgoblins
  3 frilled lizards
  A goblin (D:2)
  A kobold (D:1)
16 creatures vanquished.

Vanquished Creatures (others)
  A hobgoblin (D:2)
1 creature vanquished.

Grand Total: 17 creatures vanquished

Notes
Turn   | Place    | Note
-------+----------+-------------------------------------------
     0 | D:1      | H0rd4k the Octopode Artificer began the quest for the Orb.
     0 | D:1      | Reached XP level 1. HP: 13/13 MP: 1/1
   446 | D:1      | Found a faded altar of an unknown god.
   454 | D:1      | Reached XP level 2. HP: 15/18 MP: 2/2
   932 | D:2      | Reached skill level 1 in Spellcasting
  1178 | D:2      | Slain by a kobold

Illustrated notes

Levels and vault maps discovered:
D:1:      spicycebolla_green_bress_n_ham, layout_basic,
          ebering_ecumenical_altar_sacrificial, chequers_serial_rivers_large_b,
          minmay_liquid_box, lemuel_flame_loot_1
D:2:      layout_rooms, basic_altar, minmay_tripent, uniq_crazy_yiuf_cottage

Skill      XL: |  1  2 |
---------------+-------+-----
Spellcasting   | 1 |  1.2
Fighting       | |  1.9
Dodging        | |  2.3
Stealth        | |  1.3
Unarmed Combat | |  0.3
Evocations     | |  3.2

Action                   || total
-------------------------++-------
Melee: Unarmed           ||    48
       Constrict         ||    15
       Tentacles         ||    10
       Punch             ||     1
Evoke: Wand              ||     1
 Stab: Sleeping          ||     1
Armor: Skin              ||     7
Dodge: Dodged            ||    41
